 Dungeon Crawl Stone Soup version 0.27.1-1-g398f81649c (webtiles) character file.

Game seed: 14834331634258878043

1228 Borgoz the Skirmisher (level 8, -1/96 HPs)
             Began as a Human Berserker on Sept 20, 2021.
             Was a Priest of Trog.
             Slain by a water moccasin (5 damage)
             ... on level 6 of the Dungeon.
             The game lasted 00:05:15 (7455 turns).

Borgoz the Skirmisher (Human Berserker)             Turns: 7455, Time: 00:05:16

Health: -1/96      AC:  6    Str: 19    XL:     8   Next: 76%
Magic:  8/8        EV: 12    Int:  8    God:    Trog [***...]
Gold:   304        SH:  0    Dex: 13    Spells: 7/7 levels left

rFire    . . .     SeeInvis .   a - +0 falchion
rCold    . . .     Faith    .   (no shield)
rNeg     . . .     Spirit   .   g - +0 ring mail
rPois    .         Reflect  .   (no helmet)
rElec    .         Harm     .   (no cloak)
rCorr    .         Rampage  .   (no gloves)
Will     ++...                  (no boots)
Stlth    ..........             (no amulet)
HPRegen  1.26/turn              c - ring of flight
MPRegen  0.11/turn              (no ring)

@: berserking, lethally poisoned (-1 -> -5), strong-willed, flying,
regenerating, very quick
A: no striking features
a: Renounce Religion, Berserk, Trog's Hand


You were on level 6 of the Dungeon.
You worshipped Trog.
Trog was most pleased with you.
You visited 1 branch of the dungeon, and saw 6 of its levels.

You collected 304 gold pieces.

Inventory:

Hand Weapons
 a - a +0 falchion (weapon)
Armour
 g - a +0 ring mail (worn)
Jewellery
 c - a ring of flight (left hand)
Scrolls
 e - a scroll of teleportation
 i - 2 scrolls of enchant armour {unknown}
 j - a scroll of enchant weapon {unknown}
 n - a scroll of fear {unknown}
 p - a scroll of vulnerability {unknown}
Potions
 b - a potion of ambrosia {unknown}
 d - 2 potions of haste
 f - 4 potions of curing {unknown}
 h - a potion of heal wounds {unknown}
 k - a potion of cancellation {unknown}
 l - a potion of degeneration {unknown}
 m - a potion of berserk rage {unknown}
 o - a potion of invisibility {unknown}


   Skills:
 + Level 5.7 Fighting
 + Level 5.7 Long Blades
 + Level 5.3 Armour
 + Level 5.2 Dodging


You had 7 spell levels left.
You didn't know any spells.
Your spell library was empty.

Dungeon Overview and Level Annotations

Branches:
Dungeon (6/15)             Temple (0/1) D:4

Altars:
Wu Jian


Message History

You are too injured to fight recklessly!
You are too injured to fight recklessly!
You are too injured to fight recklessly!
You are too injured to fight recklessly!
You are too injured to fight recklessly!
You are too injured to fight recklessly!
You hit the water moccasin but do no damage.
The water moccasin is almost dead.
You feel sick.
The water moccasin bites you but does no damage.
The water moccasin closely misses you.
You hit the water moccasin but do no damage.
The water moccasin is almost dead.
You feel sick. The water moccasin bites you.
You are more poisoned.
The water moccasin poisons you!
You barely miss the water moccasin.
The water moccasin is almost dead.
You feel very sick. The water moccasin bites you.
* * * LOW HITPOINT WARNING * * *
The water moccasin bites you but does no damage.
You hit the water moccasin.
The water moccasin is almost dead.
You feel very sick. The water moccasin bites you.
* * * LOW HITPOINT WARNING * * *
You are lethally poisoned!
The water moccasin poisons you!
Your skin crawls.
You feel strong-willed.
You feel very sick. The water moccasin bites you.
* * * LOW HITPOINT WARNING * * *
A red film seems to cover your vision as you go berserk!
You feel yourself moving faster!
You feel mighty!
* * * LOW HITPOINT WARNING * * *
You feel very sick. The water moccasin bites you.
You die...

#########
#...S...#
#@# #.#
#.# #.#
#####.#
#<....#
#######


You could see a water moccasin.

Vanquished Creatures
  Sigmund (D:4)
  A water moccasin (D:5)
  A black bear (D:5)
  2 ogres (D:5)
  A phantom (D:5)
  Blork the orc (D:4)
  A bullfrog (D:5)
  A howler monkey (D:5)
  A centaur zombie (D:4)
  A gnoll shaman (D:5)
  An orc priest (D:3)
  4 hounds
  A jelly (D:5)
  An iguana (D:4)
  Jessica (D:3)
  An orc wizard (D:5)
  4 gnolls
  3 adders
  An adder skeleton (D:5)
  2 worms (D:2)
  3 dart slugs
  5 orcs
  7 ball pythons
  7 endoplasms
  A giant cockroach (D:2)
  9 goblins
  4 hobgoblins
  4 jackals (D:4)
  3 quokkas
  8 bats
  4 frilled lizards
  6 kobolds
  6 rats
97 creatures vanquished.

Vanquished Creatures (others)
  A frilled lizard (D:3)
1 creature vanquished.

Grand Total: 98 creatures vanquished

Notes
Turn   | Place    | Note
-------+----------+-------------------------------------------
     0 | D:1      | Borgoz the Human Berserker began the quest for the Orb.
     0 | D:1      | Reached XP level 1. HP: 18/18 MP: 1/1
    60 | D:1      | Reached XP level 2. HP: 23/24 MP: 2/2
   658 | D:1      | Reached XP level 3. HP: 17/29 MP: 3/3
  1500 | D:2      | Reached ** piety under Trog
  1558 | D:2      | Reached XP level 4. HP: 12/35 MP: 4/4
  2000 | D:2      | Found a faded altar of an unknown god.
  2438 | D:2      | Found an ornate altar of the Wu Jian Council.
  3123 | D:3      | Reached XP level 5. HP: 42/42 MP: 5/5
  3674 | D:3      | Noticed Jessica
  3681 | D:3      | Killed Jessica
  4013 | D:4      | Noticed Blork the orc
  4029 | D:4      | Reached XP level 6. HP: 45/48 MP: 6/6
  4132 | D:5      | Entered Level 5 of the Dungeon
  4172 | D:4      | Noticed Sigmund
  4180 | D:4      | Killed Sigmund
  4241 | D:4      | Reached XP level 7. HP: 49/55 MP: 7/7
  4490 | D:4      | Killed Blork the orc
  4620 | D:4      | Reached *** piety under Trog
  4667 | D:4      | Found a staircase to the Ecumenical Temple.
  5914 | D:5      | Reached skill level 5 in Long Blades
  6130 | D:5      | Reached skill level 5 in Fighting
  6130 | D:5      | Reached XP level 8. HP: 61/62 MP: 8/8
  6804 | D:5      | Reached skill level 5 in Armour
  6804 | D:5      | Reached skill level 5 in Dodging
  7455 | D:6      | HP: 4/96 [poisoned by a water moccasin]
  7455 | D:6      | Slain by a water moccasin

Illustrated notes

Levels and vault maps discovered:
D:1:      dpeg_arrival_simpleton_c, layout_basic, columned_hall_lemuel
D:2:      layout_basic, basic_altar, basic_ecumenical_altar
D:3:      layout_loops_cross, uniq_jessica
D:4:      layout_gridville, minmay_temple_entry_antechambers,
          minmay_misc_feat_x, uniq_blork_the_orc, uniq_sigmund
D:5:      layout_layer_cave, hangedman_abyss_or_decor_passed,
          hangedman_decor_slide_cut
D:6:      layout_basic, serial_shops, shop, corexii_leaking_fountain,
          uniq_grinder

Skill      XL: |  1  2  3  4  5  6  7  8 |
---------------+-------------------------+-----
Armour         | 3 4 5 |  5.3
Dodging        | 3 4 5 |  5.2
Fighting       | 4 5 |  5.7
Long Blades    | 4 5 |  5.7

Action                   |  1- 3 |  4- 6 |  7- 9 || total
-------------------------+-------+-------+-------++-------
Melee: Falchion          |    57 |   142 |   211 ||   410
Invok: Berserk           |       |     5 |     9 ||    14
       Trog's Hand       |       |       |     1 ||     1
  Use: Scroll            |     2 |     1 |       ||     3
Armor: Animal skin       |     7 |    15 |       ||    22
       Ring mail         |       |    19 |    68 ||    87
Dodge: Dodged            |    37 |    84 |   136 ||   257
       Rpst.: Falchion   |    15 |    31 |    36 ||    82
